cohdb
Replays
Latest Replays
All Replays
Popular Replays
Top Player Replays
Match Explorer
How It Works
Community
CoH3 Stats
Reddit
Sign in to upload your games and track your stats! →
Sign in with Steam
Match 44176211
Unlisted
Match 44176211
Overview
Messages
Build Orders
End
Construct Section Command Post
Vickers Machine Gun Team
Infantry Section
Infantry Section
Infantry Section
Construct Platoon Command Post
Grenade Package
Infantry Training
Royal Engineer Section
Selects Indian Artillery Battlegroup
Selects Artillery Saturation
CMP 15cwt Truck
Selects Off-map Airburst Barrage
6-pounder Anti-tank Gun Team
Forward Retreat Point
Off-map Airburst Barrage
Derp Fisch
SeMooS
abbodhadid1
ZA3IM
ZyAcroQC
Lil Pijon
Ashkan_Hunter
ilya_anatoli4
0
0
Comments
sign in to comment!
No comments posted yet!